[ AOE2 MATCH · #476022925 ]
UnrankedSlavs vs Saracens
Player's team · WIN
Rival team · LOSS
[ REPLAY ANALYSIS · EXTRACTED FROM THE RECORDED GAME ]
Feudal
—
Castle
—
Imperial
—
| APM avg | 39.3 |
| APM peak | 54 |
| eAPM avg | 13.2 |
| Villagers / military | 17 / 0 |
Focus
⚔️ 21.7% · 🌾 78.3%
Feudal
—
Castle
—
Imperial
—
| APM avg | 43.1 |
| APM peak | 60 |
| eAPM avg | 12.3 |
| Villagers / military | 19 / 0 |
Focus
⚔️ 14.7% · 🌾 85.3%
Match map
Initial resources + every placement click. Lines = walls · curves = elevation contours. ◆ gold · ⬟ stone · ● berries · ✦ relic · ◌ wall gap
Your base
Waldblume's base
Smoothed initial terrain · ◌ = detected wall gap · hover for details
Inputs per minute
— MZTK | LeiroN_AoE - - Waldblume
Build order — MZTK | LeiroN_AoE
21 actions detected in the replay
| 0:00 | Create | Villager (Male) ×4 |
| 0:02 | Build | House |
| 0:02 | Build | House |
| 1:23 | Create | Villager (Male) |
| 2:08 | Create | Villager (Male) |
| 2:29 | Create | Villager (Male) |
| 2:29 | Create | Villager (Male) |
| 2:42 | Create | Villager (Male) |
| 3:08 | Create | Villager (Male) |
| 3:09 | Build | Lumber Camp |
| 3:12 | Create | Villager (Male) |
| 3:41 | Create | Villager (Male) |
| 3:52 | Build | House |
| 3:54 | Build | House |
| 4:31 | Create | Villager (Male) |
| 4:48 | Create | Villager (Male) |
| 5:20 | Create | Villager (Male) |
| 5:44 | Create | Villager (Male) |
| 6:10 | Create | Villager (Male) |
| 6:12 | Build | Barracks |
| 6:15 | Research | Loom |
Build order — Waldblume
30 actions detected in the replay
| 0:00 | Create | Villager (Male) |
| 0:01 | Create | Villager (Male) |
| 0:01 | Create | Villager (Male) |
| 0:02 | Build | House |
| 0:03 | Build | House |
| 0:23 | Create | Villager (Male) |
| 0:24 | Create | Villager (Male) |
| 1:23 | Create | Villager (Male) |
| 1:49 | Build | Lumber Camp |
| 1:57 | Create | Villager (Male) |
| 2:29 | Create | Villager (Male) |
| 2:30 | Research | Loom |
| 2:34 | Research | Loom |
| 2:37 | Create | Villager (Male) |
| 2:37 | Create | Villager (Male) |
| 2:59 | Create | Villager (Male) |
| 3:11 | Create | Villager (Male) |
| 3:48 | Create | Villager (Male) |
| 4:12 | Create | Villager (Male) |
| 4:20 | Build | House |
| 4:56 | Build | Palisade Wall |
| 5:00 | Create | Villager (Male) |
| 5:00 | Create | Villager (Male) |
| 5:05 | Create | Villager (Male) |
| 5:17 | Build | Mill |
| 5:19 | Create | Villager (Male) |
| 5:23 | Build | House |
| 5:38 | Build | Palisade Wall |
| 6:29 | Build | Palisade Wall |
| 6:49 | Create | Villager (Male) |
Match timeline
| 4:56 | Waldblume · wall_segment Palisade Wall x3 |
| 5:38 | Waldblume · wall_segment Palisade Wall x3 |
| 6:12 | MZTK | LeiroN_AoE · first_building Barracks |
| 6:29 | Waldblume · wall_segment Palisade Wall x4 |
| 6:53 | Waldblume · resign |
[ AI ANALYSIS · 1 CREDIT ]
What really happened in this match?
Wolo.gg analyzes every decision: build order, eco, micro, common mistakes by bracket. Personalized analysis on WhatsApp or Discord in 30 seconds.
Civ guide
Slavs
Perfil
Jugador #23027194